 Dungeon Crawl Stone Soup version 0.27-a0-406-g23f261fbd2 (webtiles) character file.

Game seed: 12347157930686391182

14821 wakim the Covert (level 12, -11/73 HPs)
             Began as a Kobold Berserker on Feb 22, 2021.
             Was a High Priest of Trog.
             Mangled by a water elemental (16 damage)
             ... on level 12 of the Dungeon.
             The game lasted 00:52:45 (16364 turns).

wakim the Covert (Kobold Berserker)                Turns: 16364, Time: 00:52:46

Health: -11/73     AC: 11    Str: 14    XL:     12   Next: 50%
Magic:  4/4        EV: 26    Int:  9    God:    Trog [*****.]
Gold:   748        SH:  7    Dex: 19    Spells: 11/11 levels left

rFire    . . .     SeeInvis .   G - +2 dagger (antimagic)
rCold    . . .     Faith    .   s - +0 buckler
rNeg     + . .     Spirit   .   l - +0 swamp dragon scales
rPois    +         Reflect  .   E - +0 helmet
rElec    .         Harm     .   C - +0 cloak
rCorr    .         Rampage  .   t - +0 pair of gloves
Will     .....                  (no boots)
Stlth    ++++++....             (no amulet)
HPRegen  0.22/turn              p - +4 ring of evasion
MPRegen  0.09/turn              F - ring of positive energy

@: engulfed (cannot breathe)
A: small, nightstalker 3
a: Renounce Religion, Berserk, Trog's Hand, Brothers in Arms


You were on level 12 of the Dungeon.
You worshipped Trog.
Trog was extremely pleased with you.
You visited 2 branches of the dungeon, and saw 13 of its levels.
You also visited: Sewer.

You collected 748 gold pieces.

Inventory:

Hand Weapons
 a - a +3 dagger of protection
 A - a +0 rapier
 D - a +1 dagger of holy wrath
 G - a +2 antimagic dagger (weapon)
Missiles
 b - 2 throwing nets
 k - 43 poisoned darts (quivered)
 o - 2 curare-tipped darts
Armour
 l - +0 swamp dragon scales (worn)
 q - a +0 kite shield
 s - a +0 buckler (worn)
 t - a +0 pair of gloves (worn)
 C - a +0 cloak (worn)
 E - a +0 helmet (worn)
 I - a +0 pair of gloves
Jewellery
 d - a +6 ring of strength
 p - a +4 ring of evasion (left hand)
 B - a +6 ring of dexterity
 F - a ring of positive energy (right hand)
 H - a ring of willpower
Wands
 u - a wand of paralysis (20)
 w - a wand of iceblast (3)
 y - a wand of flame (33)
Scrolls
 e - a scroll of enchant weapon
 f - a scroll of teleportation
 g - a scroll of magic mapping
 h - 4 scrolls of identify
 m - a scroll of fog
 n - a scroll of blinking
Potions
 c - a potion of degeneration {unknown}
 i - 3 potions of magic
 j - 3 potions of might
 r - a potion of haste
 v - 2 potions of resistance
 x - a potion of curing
 z - a potion of flight


   Skills:
 * Level 8.1 Fighting
 + Level 10.0 Short Blades
 - Level 3.0 Throwing
 - Level 4.0 Armour
 * Level 11.6 Dodging
 * Level 13.2 Stealth
 + Level 5.4 Shields
 - Level 6.0 Evocations


You had 11 spell levels left.
You didn't know any spells.
Your spell library was empty.

Dungeon Overview and Level Annotations

Branches:
Dungeon (12/15)            Temple (1/1) D:4            Lair (0/6) D:10
    Orc (0/2) D:9           Sewer (visited)

Altars:
Ashenzari
Cheibriados
Dithmenos
Elyvilon
Fedhas
Gozag
Hepliaklqana
Kikubaaqudgha
Makhleb
Nemelex Xobeh
Okawaru
Qazlal
Ru
Sif Muna
Trog
Uskayaw
Vehumet
Wu Jian
Xom
Yredelemnul
Zin
The Shining One


Innate Abilities, Weirdness & Mutations

You are small and have problems with some larger weapons.
You are completely attuned to the shadows.


Message History

The water elemental hits you!
* * * LOW HITPOINT WARNING * * *
The water elemental engulfs you in water!
You completely miss the water elemental.
The water elemental is heavily damaged.
* * * LOW HITPOINT WARNING * * *
Your lungs strain for air!
You hit the water elemental but do no damage.
The water elemental is heavily damaged.
* * * LOW HITPOINT WARNING * * *
Your lungs strain for air!
The water elemental closely misses you.
You hit the water elemental.
The water elemental is heavily damaged.
* * * LOW HITPOINT WARNING * * *
Your lungs strain for air!
You barely miss the water elemental.
The water elemental is heavily damaged.
* * * LOW HITPOINT WARNING * * *
Your lungs strain for air!
The water elemental closely misses you.
You hit the water elemental but do no damage.
The water elemental is heavily damaged.
* * * LOW HITPOINT WARNING * * *
Your lungs strain for air!
You hit the water elemental.
The water elemental is severely damaged.
* * * LOW HITPOINT WARNING * * *
Your lungs strain for air!
The water elemental closely misses you.
You hit the water elemental but do no damage.
The water elemental is severely damaged.
* * * LOW HITPOINT WARNING * * *
Your lungs strain for air!
You hit the water elemental but do no damage.
The water elemental is severely damaged.
* * * LOW HITPOINT WARNING * * *
Your lungs strain for air!
The water elemental hits you!
You die...

,,,,,**** *#..# ,,,,,>,,***
#..####** ,,,,,,,,,,**
###.....,** ,,,,,,,,,,,**
##.......,,, ,,,,,,,,,,,,*
###........,,, ,,,,,,,,,,,**
##..........,,, ,,,,,,,,,,,*
#...........,,, ,,,,,,,,,,**
#####....†<†....,,,
,,,,,,,,,,****#E@......††.....,,*
,,,,,,,,*,,,...≈≈≈............,**
,,,,,,,****,.≈≈≈≈≈≈.≈.....≈≈≈≈***
,,,,,,** *,,..!.≈≈....≈≈≈≈≈..*≈≈*
,,,,,,****≈≈≈≈≈≈≈≈≈≈≈≈≈≈....*****
,***,,≈≈≈≈≈,,≈≈≈≈≈.≈.......,** **
** *,,,*****,,,,≈Y...≈....,,,***,
*,,,,,****,,,,,,≈≈≈,,,,,,,**,,
**,,*,,* **,,,,,,,,,,****,,*,,


You could see a water elemental.

Vanquished Creatures
  A boulder beetle (D:11)
  2 two-headed ogres
  The ghost of sixsigma the Scholar, a novice DEFE of Sif Muna (D:6)
  A cyclops (D:11)
  The ghost of stank58 the Chopper, a novice MiBe of Trog (D:6)
  Maggie (D:8)
  2 centaur skeletons (D:10)
  2 gargoyles (D:11)
  2 kobold demonologists (D:11)
  A komodo dragon (D:10)
  3 trolls
  Sigmund (D:7)
  A shadow (D:11)
  10 yaks
  Menkaure (D:7)
  Edmund (D:7)
  3 water moccasins (D:10)
  Duvessa (D:7)
  10 orc warriors
  2 sky beasts
  8 black bears
  3 ice beasts
  3 ogres
  6 centaurs
  A wolf (D:12)
  A phantom (D:9)
  8 kobold brigands
  8 bullfrogs
  2 scorpions
  Dowan (D:7)
  6 killer bees
  4 wights
  2 bullfrog zombies (D:6)
  5 hounds
  2 bullfrog skeletons (D:6)
  5 jellies
  A quasit (D:6)
  9 orc priests
  2 iguanas
  12 orc wizards
  9 worker ants
  A hound zombie (D:9)
  A hound skeleton (D:6)
  A howler monkey zombie (D:6)
  3 worker ant zombies
  12 gnolls
  13 adders
  A shadow imp (D:5)
  2 white imps
  3 ufetubi
  5 oozes
  2 adder zombies
  4 adder skeletons
  3 worms
  4 leopard geckos
  60 orcs
  9 bats
  3 bat zombies (D:4)
  8 giant cockroaches
  A goblin (D:2)
  4 hobgoblins
  11 jackals
  30 kobolds
  5 quokkas
  6 ball pythons
  4 frilled lizards
  A goblin zombie (D:8)
  3 hobgoblin zombies (D:8)
  A jackal zombie (D:5)
  A kobold zombie (D:8)
  2 leopard gecko skeletons
  3 orc skeletons (D:8)
  An orc zombie (D:8)
  A quokka skeleton (D:9)
  10 rats
  A rat zombie (D:4)
365 creatures vanquished.

Vanquished Creatures (others)
  An orc wizard (D:11)
  38 fungi (D:10)
  38 plants
77 creatures vanquished.

Grand Total: 442 creatures vanquished

Notes
Turn   | Place    | Note
-------+----------+-------------------------------------------
     0 | D:1      | wakim the Kobold Berserker began the quest for the Orb.
     0 | D:1      | Reached XP level 1. HP: 14/14 MP: 1/1
    36 | D:1      | Reached skill level 1 in Stealth
    36 | D:1      | Reached XP level 2. HP: 10/19 MP: 2/2
   391 | D:1      | Reached XP level 3. HP: 23/23 MP: 3/3
   892 | D:2      | Found a stormy altar of Qazlal.
   892 | D:2      | Found a hide-covered altar of Uskayaw.
   906 | D:2      | Reached skill level 2 in Stealth
  1024 | D:2      | Reached ** piety under Trog
  1641 | D:2      | Reached XP level 4. HP: 28/28 MP: 4/4
  1943 | D:3      | Found a glowing drain.
  2197 | Sewer    | Entered a sewer
  2230 | Sewer    | Noticed a kobold brigand
  2235 | Sewer    | Reached skill level 5 in Short Blades
  2244 | Sewer    | Killed a kobold brigand
  2245 | Sewer    | Reached skill level 3 in Stealth
  2245 | Sewer    | Reached XP level 5. HP: 32/33 MP: 5/5
  2768 | Sewer    | Reached skill level 4 in Stealth
  3139 | Sewer    | Noticed a kobold brigand
  3187 | Sewer    | Killed a kobold brigand
  3188 | Sewer    | Reached XP level 6. HP: 38/38 MP: 6/6
  3300 | Sewer    | Reached skill level 5 in Stealth
  3420 | Sewer    | Reached XP level 7. HP: 44/44 MP: 7/7
  4285 | D:3      | Reached skill level 6 in Stealth
  4731 | D:3      | Reached *** piety under Trog
  4952 | D:4      | Reached skill level 5 in Fighting
  4952 | D:4      | Reached XP level 8. HP: 49/49 MP: 8/8
  5021 | D:4      | Found a staircase to the Ecumenical Temple.
  5027 | Temple   | Entered the Ecumenical Temple
  5159 | D:4      | Reached skill level 1 in Throwing
  5481 | D:4      | Reached skill level 1 in Shields
  5892 | D:4      | Found an ancient bone altar of Kikubaaqudgha.
  5944 | D:5      | Entered Level 5 of the Dungeon
  6009 | D:5      | Reached skill level 7 in Stealth
  6406 | D:5      | Reached skill level 5 in Dodging
  7313 | D:6      | Reached XP level 9. HP: 54/54 MP: 9/9
  7612 | D:6      | Reached skill level 8 in Stealth
  7970 | D:6      | Found a glowing silver altar of Zin.
  7970 | D:6      | Noticed an angel
  8189 | D:6      | Reached **** piety under Trog
  8303 | D:6      | Found a runed translucent gate.
  8304 | D:6      | Found a runed translucent gate.
  8448 | D:6      | Found a runed translucent gate.
  8622 | D:6      | Noticed stank58's ghost (novice MiBe)
  8622 | D:6      | Noticed sixsigma's ghost (novice DEFE)
  8655 | D:6      | Killed stank58's ghost
  8656 | D:6      | Reached skill level 9 in Stealth
  8731 | D:6      | Killed sixsigma's ghost
  8732 | D:6      | Reached skill level 10 in Short Blades
  8732 | D:6      | Reached XP level 10. HP: 59/59 MP: 10/10
  8912 | D:7      | Noticed Sigmund
  8915 | D:7      | Killed Sigmund
  8933 | D:7      | Noticed Edmund
  8936 | D:7      | Killed Edmund
  8971 | D:7      | Reached skill level 10 in Stealth
  9013 | D:7      | Noticed Menkaure
  9034 | D:7      | Killed Menkaure
  9062 | D:7      | Noticed Duvessa
  9064 | D:7      | Noticed Dowan
  9066 | D:7      | Killed Duvessa
  9074 | D:7      | Killed Dowan
  9287 | D:7      | Found a broken altar of Ashenzari.
  9641 | D:8      | Noticed Maggie
  9645 | D:8      | Killed Maggie
  9779 | D:8      | Found a glowing golden altar of the Shining One.
 10009 | D:8      | Reached ***** piety under Trog
 10236 | D:8      | Found an ornate altar of the Wu Jian Council.
 10777 | D:9      | Reached skill level 1 in Evocations
 11000 | D:9      | Reached skill level 11 in Stealth
 11167 | D:9      | Found a snail-covered altar of Cheibriados.
 11341 | D:9      | Found a staircase to the Orcish Mines.
 11353 | D:9      | Reached XP level 11. HP: 64/64 MP: 11/11
 11471 | D:9      | Noticed a two-headed ogre
 11475 | D:9      | Killed a two-headed ogre
 12240 | D:10     | Entered Level 10 of the Dungeon
 12254 | D:10     | Found a stormy altar of Qazlal.
 12295 | D:10     | Found a broken altar of Ashenzari.
 12421 | D:10     | Found a staircase to the Lair.
 12445 | D:10     | Received a gift from Trog
 12460 | D:10     | Reached skill level 12 in Stealth
 12517 | D:10     | Reached skill level 5 in Evocations
 12870 | D:10     | Reached skill level 10 in Dodging
 13266 | D:10     | Noticed a two-headed ogre
 13270 | D:10     | Killed a two-headed ogre
 13532 | D:11     | Noticed a boulder beetle
 13851 | D:11     | Killed a boulder beetle
 14658 | D:11     | Reached XP level 12. HP: 72/72 MP: 4/12
 15031 | D:11     | Reached skill level 5 in Shields
 15798 | D:11     | Reached skill level 13 in Stealth
 16364 | D:12     | Mangled by a water elemental

Illustrated notes

Levels and vault maps discovered:
D:1:      evilmike_arrival_plus, layout_loops_ring
D:2:      wad_lake_hut, layout_loops_ring,
          chequers_temple_overflow_statue_of_worship
D:3:      layout_basic, portal_sewer_entry_d
D:4:      layout_gridville, lemuel_zombie_altar_kikubaaqudgha,
          minmay_temple_entry_waves
D:5:      layout_basic, grunt_decor_junction
D:6:      cheibrodos_barr_body, layout_loops_ring, zin_angel,
          gammafunk_ghost_cemetery
D:7:      layout_cave_pools, ashenzari_conservatory_becter,
          sigmund_edmund_badplayer, uniq_menkaure, uniq_duvessa
D:8:      layout_basic, nicolae_overflow_crystal_walls,
          nicolae_tso_besieged_by_evil, uniq_maggie
D:9:      layout_stronghold, marbit_many_paths, orc_david_3
D:10:     layout_long_grid, due_lair_maze_entry_diamond, basic_altar,
          nicolae_ashenzari_panopticon
D:11:     layout_roguey, minmay_orc_keep
D:12:     layout_cave_pods, enter_bailey_8, serial_ice, serial_ice_e,
          serial_ice_k, serial_ice_c, serial_ice_a, serial_ice_b, serial_ice_m
Temple:   zaba_magenta_temple

Skill      XL: |  1  2  3  4  5  6  7  8  9 10 11 12 |
---------------+-------------------------------------+-----
Stealth        | 1 2 3 4 5 6 7 9 11 12 13 | 13.2
Dodging        | 3 4 5 7 8 10 11 | 11.6
Short Blades   | 5 6 7 8 10 | 10.0
Fighting       | 4 5 6 7 8 |  8.1
Throwing       | 3 |  3.0
Armour         | 2 3 4 |  4.0
Shields        | 1 2 3 4 5 |  5.4
Evocations     | 2 6 |  6.0

Action                   |  1- 3 |  4- 6 |  7- 9 | 10-12 || total
-------------------------+-------+-------+-------+-------++-------
Melee: Short sword       |    79 |   167 |   176 |       ||   422
       Dagger            |       |       |   282 |  1082 ||  1364
Throw: Dart              |       |       |     6 |       ||     6
Invok: Berserk           |     1 |     6 |    13 |    20 ||    40
       Trog's Hand       |       |       |     1 |     1 ||     2
Evoke: Wand              |       |       |     1 |       ||     1
  Use: Scroll            |       |     4 |     9 |     9 ||    22
       Potion            |       |       |       |     5 ||     5
 Stab: Sleeping          |    12 |     9 |    39 |    38 ||    98
       Distracted        |       |       |     1 |     4 ||     5
       Invisible         |       |       |       |     4 ||     4
Armor: Animal skin       |    11 |     3 |       |       ||    14
       Leather armour    |       |       |    45 |     5 ||    50
       Swamp dragon scal |       |       |       |   137 ||   137
Dodge: Dodged            |    55 |    96 |   223 |   527 ||   901
Block: Kite shield       |       |       |    20 |       ||    20
       Buckler           |       |       |    48 |   210 ||   258

Table legend: (Time is in decaauts)
 A = Elapsed time spent in this place.
 B = Non-inter-level travel time spent in this place.
 C = Inter-level travel time spent in this place.
 D = Time resting spent in this place.
 E = Time spent auto-exploring this place.
 F = Levels seen in this place.
 G = Mean time per level.
                   A        B        C        D        E       F      G
               +--------+--------+--------+--------+--------+-----+--------+
         Total |  16306 |  15805 |    501 |   4700 |   7519 |  14 | 1164.7 |
       Dungeon |  14658 |  14157 |    501 |   4081 |   6858 |  12 | 1221.5 |
        Temple |     91 |     91 |      0 |      0 |     85 |   1 |   91.0 |
         Sewer |   1556 |   1556 |      0 |    619 |    575 |   1 | 1556.0 |
               +--------+--------+--------+--------+--------+-----+--------+

Top non-repeatable levels by time:
    D:10: 1958 daAuts
     D:9: 1707 daAuts
     D:3: 1686 daAuts
     D:6: 1577 daAuts
   Sewer: 1556 daAuts
    D:11: 1487 daAuts
     D:2: 1264 daAuts
     D:5: 1180 daAuts
     D:8: 1054 daAuts
     D:4: 928 daAuts
     D:1: 867 daAuts
     D:7: 772 daAuts
    D:12: 175 daAuts
  Temple: 91 daAuts
